 Dungeon Crawl Stone Soup version 0.23.1 (webtiles) character file.

Game seed: 9720995076926230538

60 Borgoz the Sneak (level 4, 0/33 (34) HPs)
             Began as a Ghoul Enchanter on Mar 9, 2019.
             Slain by an adder (1 damage)
             ... on level 3 of the Dungeon.
             The game lasted 00:05:00 (2409 turns).

Borgoz the Sneak (Ghoul Enchanter)                  Turns: 2409, Time: 00:05:00

HP:   0/33 (34)     AC:  2    Str: 11    XL:     4   Next: 6%
MP:   3/6           EV: 12    Int: 10    God:
Gold: 106           SH:  0    Dex: 10    Spells: 6/7 levels left

rFire    . . .     SeeInvis .   a - +1 dagger
rCold    + . .     Gourm    .   (no shield)
rNeg     + + +     Faith    .   b - +0 robe
rPois    ∞         Spirit   .   (no helmet)
rElec    .         Reflect  .   (no cloak)
rCorr    .         Harm     .   (no gloves)
MR       .....                  (no boots)
Stlth    ++........             (no amulet)
HPRegen  0.00/turn              (no ring)
MPRegen  0.10/turn              (no ring)

@: very slightly contaminated, rotting
A: rotting body, claws 1, carnivore, cold resistance 1, negative energy
resistance 3, inhibited regeneration, torment resistance, unbreathing
a: no special abilities


You were on level 3 of the Dungeon.
You were not hungry.

You visited 1 branch of the dungeon, and saw 3 of its levels.

You collected 106 gold pieces.

Inventory:

Hand Weapons
 a - a +1 dagger (weapon)
Armour
 b - a +0 robe (worn)
Jewellery
 g - an uncursed ring of magical power {unknown}
 h - a +2 ring of intelligence {unknown}
Scrolls
 c - 2 scrolls of identify {unknown}
 e - a scroll of enchant weapon {unknown}
 f - 3 scrolls of remove curse {unknown}
 i - a scroll of amnesia {unknown}
 j - a scroll of enchant armour {unknown}
 o - a scroll of teleportation {unknown}
 p - a scroll of random uselessness {unknown}
Potions
 k - a potion of might {unknown}
 l - 2 potions of brilliance {unknown}
 m - 2 potions of curing {unknown}
 n - 2 potions of heal wounds {unknown}
Comestibles
 d - 5 rations


   Skills:
 + Level 0.8 Fighting
 * Level 1.5 Short Blades
 * Level 1.2 Armour
 * Level 2.3 Dodging
 + Level 3.5 Stealth
 + Level 2.0 Spellcasting
 + Level 2.6 Hexes


You had 6 spell levels left.
You knew the following spells:

 Your Spells              Type           Power        Failure   Level  Hunger
a - Corona                Hex            #......      11%         1    ##.....

Your spell library contained the following spells:

 Spells                   Type           Power        Failure   Level  Hunger
 Ensorcelled Hibernation  Hex/Ice        #.....       28%         2    ###....
 Confuse                  Hex            #.......     32%         3    ####...
 Tukima's Dance           Hex            #.......     32%         3    ####...
 Dazzling Spray           Conj/Hex       #.....       50%         3    ####...


Dungeon Overview and Level Annotations

Branches:
Dungeon (3/15)

Altars:
Fedhas


Innate Abilities, Weirdness & Mutations

Your body is rotting away.
You thrive on raw meat.
You are immune to poison.
You have sharp fingernails.
You are carnivorous and can eat meat at any time.
Your flesh is cold resistant. (rC+)
You are immune to negative energy. (rN+++)
You do not regenerate when monsters are visible.
You are immune to unholy pain and torment.
You can survive without breathing.


Message History

You hit the adder.
The adder is heavily wounded.
The adder bites you.
* * * LOW HITPOINT WARNING * * *
The adder bites you.
* * * LOW HITPOINT WARNING * * *
Casting: Corona (safe; 11% risk of failure)
Confirm with . or Enter, or press ? or * to list all spells.
Aiming: Corona (safe; 11% risk of failure)
Press: ? - help, Shift-Dir - straight line, f/p - adder
Aim: an adder (heavily wounded, chance to defeat MR: 50%)
The adder resists with significant effort.
The adder closely misses you.
You miss the adder.
The adder is heavily wounded.
The adder barely misses you.
You hit the adder but do no damage.
The adder is heavily wounded.
The adder misses you. The adder bites you.
You die...

########
######.(....#
.......@....#
######.S....#
#......#
#......#
#......#
.......#
.[..#####
$.....


You could see an adder.

Vanquished Creatures
  An adder (D:2)
  A dart slug (D:2)
  2 leopard geckos (D:2)
  3 giant cockroaches
  7 goblins
  3 hobgoblins
  6 jackals (D:1)
  A quokka (D:2)
  4 bats
  5 frilled lizards
  6 kobolds
  4 rats
43 creatures vanquished.

Notes
Turn   | Place    | Note
-------+----------+-------------------------------------------
     0 | D:1      | Borgoz the Ghoul Enchanter began the quest for the Orb.
     0 | D:1      | Reached XP level 1. HP: 14/14 MP: 2/2
    83 | D:1      | Reached skill level 1 in Short Blades
   323 | D:1      | Reached XP level 2. HP: 17/20 MP: 3/3
   825 | D:1      | Reached XP level 3. HP: 15/27 MP: 1/4
  1561 | D:2      | Reached skill level 1 in Armour
  1592 | D:2      | Found a blossoming altar of Fedhas.
  2254 | D:3      | Reached XP level 4. HP: 28/32 MP: 6/6
  2315 | D:2      | Found a faded altar of an unknown god.
  2406 | D:3      | HP: 1/33 [adder (4)]
  2409 | D:3      | Slain by an adder

Skill      XL: |  1  2  3 |
---------------+----------+-----
Short Blades   | 1 |  1.5
Dodging        | 2 |  2.3
Spellcasting   | 2 |  2.0
Armour         | 1 |  1.2
Fighting       | |  0.8
Stealth        | |  3.5
Hexes          | |  2.6

Action                   |  1- 3 |  4- 6 || total
-------------------------+-------+-------++-------
Melee: Dagger            |   198 |    27 ||   225
 Cast: Corona            |     8 |     3 ||    11
 Stab: Sleeping          |     3 |     1 ||     4
  Eat: Chunk             |     5 |     1 ||     6
Armor: Robe              |    48 |     9 ||    57
Dodge: Dodged            |   133 |    18 ||   151
